 Dungeon Crawl Stone Soup version 0.21-a0-94-gdd6ab6a (webtiles) character file.

58 sagitran the Covered (level 4, 0/34 HPs)
             Began as a Gnoll Wanderer on July 3, 2017.
             Was an Initiate of Yredelemnul.
             Slain by a hobgoblin
             ... wielding a +0 club
             ... led by Robin
              (10 damage)
             ... on level 2 of the Dungeon.
             The game lasted 00:12:18 (1450 turns).

sagitran the Covered (Gnoll Wanderer)               Turns: 1450, Time: 00:12:19

Health: 0/34       AC:  7    Str: 12    XL:     4   Next: 2%
Magic:  7/7        EV: 14    Int: 13    God:    Yredelemnul [......]
Gold:   95         SH:  0    Dex: 17    Spells: 6/7 levels left

rFire    . . .     SeeInvis .   q - +1 dagger
rCold    . . .     Gourm    .   (no shield)
rNeg     . . .     Faith    .   h - +0 scale mail
rPois    .         Spirit   .   (no helmet)
rElec    .         Reflect  .   (no cloak)
rCorr    .         Harm     .   (no gloves)
MR       .....                  (no boots)
Stlth    ++........             (no amulet)
HPRegen  0.11/turn              (no ring)
MPRegen  0.10/turn              (no ring)

@: agile, slowed, very slow
A: short attention span, fangs 1, strong nose
a: Renounce Religion


You were on level 2 of the Dungeon.
You worshipped Yredelemnul.
Yredelemnul was noncommittal.
You were not hungry.

You visited 1 branch of the dungeon, and saw 3 of its levels.

You collected 95 gold pieces.

Inventory:

Hand Weapons
 b - a +0 shortbow
 e - a +0 blowgun
 o - a +0 war axe
 q - a +1 dagger (weapon)
Missiles
 c - 16 arrows
 d - 26 poisoned needles
 i - 90 stones (quivered)
Armour
 h - a +0 scale mail (worn)
Scrolls
 f - a scroll of amnesia
 p - a scroll of recharging {unknown}
 r - a scroll of magic mapping {unknown}
 t - a scroll of identify
Potions
 k - a potion of cancellation {unknown}
Books
 a - a book of Minor Magic

   Spells                             Type                      Level
   a - Magic Dart                     Conjuration                  1
   b - Blink                          Translocation                2
   c - Call Imp                       Summoning                    2
   d - Slow                           Hexes                        2
   e - Conjure Flame                  Conjuration/Fire             3
   f - Mephitic Cloud                 Conjuration/Poison/Air       3
Comestibles
 l - a meat ration
 s - 4 fruits


   Skills:
 + Level 2.6 Fighting
 + Level 0.4 Short Blades
 + Level 3.6 Bows
 + Level 1.9 Throwing
 + Level 5.6 Armour
 + Level 1.4 Dodging
 + Level 1.7 Stealth
 + Level 2.2 Spellcasting
 + Level 0.9 Conjurations
   Level 1.7 Transmutations
   Level 1.7 Air Magic


You had 6 spell levels left.
You knew the following spells:

 Your Spells              Type           Power        Failure   Level  Hunger
a - Magic Dart            Conj           #...         58%         1    ##.....


Dungeon Overview and Level Annotations

Branches:
Dungeon (3/15)

Altars:
Yredelemnul

Annotations:
D:2 Natasha, Robin


Innate Abilities, Weirdness & Mutations

You have a short attention span.
You have very sharp teeth.
Your uncanny sense of smell can sniff out nearby items.


Message History

The goblins go into a battle-frenzy!
Natasha claws you.
The goblin shouts! x2; The hobgoblin shouts!
You hear a shout! x2
It was a potion of agility.
You feel agile all of a sudden.
You feel yourself speed up.
The crimson imp disappears in a puff of smoke!
Natasha claws you.
The goblin shouts!
Natasha stares at you and mumbles some strange words.
You feel yourself slow down.
The crimson imp blinks!
Robin roars a battlecry!
The goblins go into a battle-frenzy!
The hobgoblin shouts!
Natasha stares at you and mumbles some strange words.
The magic dart hits you!
* * * LOW HITPOINT WARNING * * *
The hobgoblin hits you with a club!
You die...
Your body rises from the dead as a mindless zombie.

.............## #.#...##..##....
.>..†.........# #.#...##..##..#.
...........g#.####.#.......###.#.
..........g...........#.....##...
..........gg.......#..###.#...#..
..........##gh##......###........
###........##g###).........###.##
#........##.g.#......... ##...#
###........####g@#....... ##..5..
##....g....# ##..........#..5h..
...##g###### ..............._w.
..#...# ..#...#####.#...gS.
...g#.# ... ..## #.##.....
..##†g# #.## ..# # ##...# .###g##
.. ..# ##.## ..##g# .# ..# #.#
.)##.# #..


You could see 3 hobgoblins and 4 goblins.

Vanquished Creatures
  An adder (D:2)
  An ooze (D:1)
  A dart slug (D:1)
  A leopard gecko (D:1)
  A ball python (D:1)
  3 bats (D:1)
  4 giant cockroaches (D:1)
  9 goblins
  3 hobgoblins
  4 jackals (D:1)
  A quokka (D:2)
  5 frilled lizards
  A kobold (D:2)
  3 rats
38 creatures vanquished.

Notes
Turn   | Place    | Note
-------+----------+-------------------------------------------
     0 | D:1      | sagitran the Gnoll Wanderer began the quest for the Orb.
     0 | D:1      | sagitran set off with: a book of Minor Magic, a +0 shortbow, 23 arrows, 8 poisoned needles, a +0 blowgun, a +0 robe, a bread ration
     0 | D:1      | Reached XP level 1. HP: 16/16 MP: 3/3
     2 | D:1      | Learned a level 1 spell: Magic Dart
    25 | D:1      | Reached skill level 5 in Armour
   177 | D:1      | Reached XP level 2. HP: 22/22 MP: 4/4
   690 | D:1      | Reached XP level 3. HP: 26/27 MP: 6/6
  1001 | D:2      | Noticed Robin
  1133 | D:1      | Reached skill level 1 in Dodging
  1382 | D:2      | Noticed Natasha
  1392 | D:2      | Found a basalt altar of Yredelemnul.
  1399 | D:2      | Became a worshipper of Yredelemnul the Dark
  1432 | D:2      | Reached XP level 4. HP: 26/34 MP: 7/7
  1450 | D:2      | Slain by a hobgoblin

Vault maps used:
D:1:      ncdulo_wetmaze
D:2:      lemuel_round_altar, uniq_sigmund, uniq_robin, uniq_natasha,
          uniq_crazy_yiuf_cottage
D:3:      first_bread

Skill      XL: |  1  2  3 |
---------------+----------+-----
Armour         | 5 |  5.6
Bows           | 2 3 |  3.6
Spellcasting   | 2 |  2.2
Fighting       | 2 |  2.6
Dodging        | 1 |  1.4
Short Blades   | |  0.4
Throwing       | |  1.9
Stealth        | |  1.7
Conjurations   | |  0.9
Transmutations | |  1.7
Air Magic      | |  1.7

Action                   |  1- 3 |  4- 6 || total
-------------------------+-------+-------++-------
Melee: Shortbow          |     4 |       ||     4
       Dagger            |    86 |     5 ||    91
       Bite              |     6 |       ||     6
 Fire: Shortbow          |    80 |       ||    80
Throw: Stone             |    10 |       ||    10
 Cast: Magic Dart        |     6 |       ||     6
  Use: Scroll            |     3 |     1 ||     4
       Potion            |       |     3 ||     3
  Eat: Bread ration      |     1 |       ||     1
Armor: Scale mail        |    96 |     5 ||   101
       Robe              |     2 |       ||     2
Dodge: Dodged            |   101 |     2 ||   103
